 Dungeon Crawl Stone Soup version 0.26-a0-738-g91b530ce93 (webtiles) character file.

Game seed: 11176793207604440195

1919 Arkorax the Fighter (level 8, -4/115 HPs)
             Began as a Minotaur Berserker on Nov 5, 2020.
             Was a Priest of Trog.
             Slain by a hornet zombie (8 damage)
             ... on level 6 of the Dungeon.
             The game lasted 00:03:15 (4827 turns).

Arkorax the Fighter (Minotaur Berserker)            Turns: 4827, Time: 00:03:16

Health: -4/115     AC:  7    Str: 25    XL:     8   Next: 95%
Magic:  7/7        EV: 13    Int:  4    God:    Trog [***...]
Gold:   287        SH:  0    Dex:  9    Spells: 7/7 levels left

rFire    . . .     SeeInvis .   z - +0 war axe
rCold    . . .     Faith    .   (no shield)
rNeg     + . .     Spirit   .   u - +0 scale mail
rPois    .         Reflect  .   (helmet restricted)
rElec    .         Harm     .   o - +0 cloak
rCorr    .         Rampage  .   (no gloves)
MR       .....                  (no boots)
Stlth    ..........             c - amulet of magic regeneration
HPRegen  0.29/turn              k - ring of positive energy
MPRegen  0.35/turn              y - ring of stealth

@: berserking (expiring), very quick
A: retaliatory headbutt, horns 2
a: Berserk, Trog's Hand, Renounce Religion


You were on level 6 of the Dungeon.
You worshipped Trog.
Trog was most pleased with you.
You visited 1 branch of the dungeon, and saw 6 of its levels.

You collected 287 gold pieces.

Inventory:

Hand Weapons
 z - a +0 war axe (weapon)
Missiles
 v - 2 throwing nets (quivered)
Armour
 b - a +0 animal skin
 o - a +0 cloak (worn)
 u - a +0 scale mail (worn)
Jewellery
 c - an amulet of magic regeneration (around neck)
 k - a ring of positive energy (left hand)
 y - a ring of stealth (right hand)
Wands
 a - a wand of digging (6)
 l - a wand of flame (17)
Scrolls
 f - 3 scrolls of identify
 g - a scroll of noise
 h - a scroll of immolation
 n - a scroll of blinking
 B - a scroll of fog
Potions
 e - 3 potions of curing
 j - a potion of heal wounds {unknown}
 q - a potion of magic
 r - 3 potions of ambrosia
 s - 2 potions of brilliance {unknown}
 t - a potion of flight {unknown}


   Skills:
 + Level 8.9 Fighting
 + Level 8.8 Axes
 - Level 2.4 Armour
 + Level 7.6 Dodging


You had 7 spell levels left.
You didn't know any spells.
Your spell library was empty.

Dungeon Overview and Level Annotations

Branches:
Dungeon (6/15)
 Temple: D:4-7

Altars:


Innate Abilities, Weirdness & Mutations

You reflexively headbutt those who attack you in melee.
You have a pair of horns on your head.


Message History

The two-headed ogre misses you.
The two-headed ogre hits you with a +0 dire flail of holy wrath!
* * * LOW HITPOINT WARNING * * *
You slash the two-headed ogre!
You kill the two-headed ogre!
Trog accepts your kill.
Your Fighting skill increases to level 8!
Your Axes skill increases to level 8!
Your Dodging skill increases to level 7!
You slash the hornet zombie! The hornet zombie hits you.
* * * LOW HITPOINT WARNING * * *
Unknown command.
You barely miss the hornet zombie.
The hornet zombie is moderately damaged.
The hornet zombie hits you!
* * * LOW HITPOINT WARNING * * *
You slash the hornet zombie!
The hornet zombie is heavily damaged.
The hornet zombie hits you!
You die...

#..########.#.####.#.##.#
#..# #.#.# #.#.# #..#
######.#.####.#.# #..#
..............#.# #..#
.#####..........# ##..#
#.########## #..<# #†#
#.#....# #)# #...#### #@#
###.##.....)Z#
#.##.#...... #.# #.######
#.# # #.#


You could see a hornet zombie.

Vanquished Creatures
  A two-headed ogre (D:6)
  Sigmund (D:2)
  An ice beast (D:6)
  3 ogres
  A necrophage (D:6)
  A centaur (D:6)
  2 bullfrogs (D:6)
  A jelly (D:5)
  A centaur zombie (D:5)
  A centaur skeleton (D:4)
  2 hounds
  4 worker ants
  7 adders
  7 gnolls
  A shadow imp (D:5)
  A white imp (D:6)
  An ufetubus (D:5)
  An ooze (D:5)
  4 worms
  A dart slug (D:1)
  5 leopard geckos
  4 orcs
  4 giant cockroaches
  A goblin (D:3)
  2 hobgoblins
  8 jackals
  2 quokkas
  2 ball pythons
  7 bats
  4 frilled lizards
  4 kobolds
  7 rats
92 creatures vanquished.

Vanquished Creatures (others)
  3 plants (D:3)
3 creatures vanquished.

Grand Total: 95 creatures vanquished

Notes
Turn   | Place    | Note
-------+----------+-------------------------------------------
     0 | D:1      | Arkorax the Minotaur Berserker began the quest for the Orb.
     0 | D:1      | Reached XP level 1. HP: 19/19 MP: 0/0
   262 | D:1      | Reached XP level 2. HP: 27/27 MP: 1/1
   480 | D:2      | Noticed Sigmund
   489 | D:2      | Killed Sigmund
   489 | D:2      | Reached skill level 5 in Fighting
   489 | D:2      | Reached skill level 5 in Axes
   489 | D:2      | Reached XP level 3. HP: 29/36 MP: 2/2
   489 | D:2      | Reached XP level 4. HP: 34/42 MP: 3/3
   489 | D:2      | Reached XP level 5. HP: 39/48 MP: 4/4
  1603 | D:3      | Reached ** piety under Trog
  2275 | D:3      | Reached XP level 6. HP: 56/56 MP: 5/5
  3140 | D:4      | Reached skill level 5 in Dodging
  3246 | D:4      | Reached XP level 7. HP: 42/64 MP: 6/6
  3681 | D:5      | Entered Level 5 of the Dungeon
  4799 | D:6      | Reached XP level 8. HP: 63/73 MP: 7/7
  4815 | D:6      | Noticed a two-headed ogre
  4825 | D:6      | Killed a two-headed ogre
  4825 | D:6      | Reached *** piety under Trog
  4826 | D:6      | HP: 4/115 [hornet zombie (11)]
  4827 | D:6      | Slain by a hornet zombie

Illustrated notes

Levels and vault maps discovered:
D:1:      psy_arrival_terrarium, layout_loops_corners, minmay_pentomino_v4
D:2:      layout_loops_corners, uniq_sigmund
D:3:      layout_basic, serial_forest, infiniplex_forest_clump_double,
          infiniplex_forest_end_1, infiniplex_forest_zigzag_1,
          infiniplex_forest_clump_medium, infiniplex_forest_end_2,
          infiniplex_forest_straight_2
D:4:      layout_basic
D:5:      layout_loops_ring
D:6:      layout_loops_ring, kennysheep_mini, gammafunk_ghost_grave

Skill      XL: |  1  2  3  4  5  6  7  8 |
---------------+-------------------------+-----
Fighting       | 5 6 7 8 |  8.9
Axes           | 5 6 7 8 |  8.8
Dodging        | 3 4 5 6 7 |  7.6
Armour         | |  2.4

Action                   |  1- 3 |  4- 6 |  7- 9 || total
-------------------------+-------+-------+-------++-------
Melee: Hand axe          |    20 |   130 |    13 ||   163
       Headbutt          |     2 |    27 |    17 ||    46
       War axe           |       |       |    61 ||    61
Invok: Berserk           |     1 |     2 |     2 ||     5
       Trog's Hand       |       |     1 |       ||     1
  Use: Scroll            |       |       |    10 ||    10
 Stab: Sleeping          |     1 |       |       ||     1
Armor: Animal skin       |     2 |    18 |       ||    20
       Scale mail        |       |    18 |    23 ||    41
Dodge: Dodged            |    13 |    64 |    56 ||   133

Table legend: (Time is in decaauts)
 A = Elapsed time spent in this place.
 B = Non-inter-level travel time spent in this place.
 C = Inter-level travel time spent in this place.
 D = Time resting spent in this place.
 E = Time spent auto-exploring this place.
 F = Levels seen in this place.
 G = Mean time per level.
                   A        B        C        D        E       F      G
               +--------+--------+--------+--------+--------+-----+--------+
         Total |   4877 |   4719 |    158 |    682 |   3488 |   6 |  812.8 |
       Dungeon |   4877 |   4719 |    158 |    682 |   3488 |   6 |  812.8 |
               +--------+--------+--------+--------+--------+-----+--------+

Top non-repeatable levels by time:
     D:3: 1347 daAuts
     D:2: 1028 daAuts
     D:5: 903 daAuts
     D:4: 872 daAuts
     D:1: 472 daAuts
     D:6: 252 daAuts
